 Dungeon Crawl Stone Soup version 0.27-a0-1525-g1038ab4fd7 (webtiles) character file.

Game seed: 6185273370678295609

32 garrulousMonolith the Stinger (level 3, 0/23 HPs)
             Began as an Octopode Venom Mage on July 11, 2021.
             Slain by a jackal (1 damage)
             ... on level 1 of the Dungeon.
             The game lasted 00:02:15 (1312 turns).

garrulousMonolith the Stinger (Octopode Venom Mage) Turns: 1312, Time: 00:02:15

Health: 0/23       AC:  1    Str:  7    XL:     3   Next: 27%
Magic:  4/6        EV: 13    Int: 18    God:
Gold:   68         SH:  0    Dex: 12    Spells: 1/6 levels left

rFire    . . .     SeeInvis .   c - +0 dagger (elec)
rCold    . . .     Faith    .   (no shield)
rNeg     . . .     Spirit   .   (helmet restricted)
rPois    .         Reflect  .   (no amulet)
rElec    .         Harm     .   (no ring)
rCorr    .         Rampage  .   (no ring)
Will     .....                  (no ring)
Stlth    +++.......             (no ring)
HPRegen  0.07/turn              (no ring)
MPRegen  0.10/turn              (no ring)
                                (no ring)
                                (no ring)

@: no status effects
A: almost no armour, amphibious, 8 rings, camouflage 1, gelatinous body 1,
(nimble swimmer 1), tentacles
a: no special abilities


You were on level 1 of the Dungeon.
You visited 1 branch of the dungeon, and saw 2 of its levels.

You collected 68 gold pieces.

Inventory:

Hand Weapons
 c - a +0 dagger of electrocution (weapon)
Scrolls
 b - a scroll of fear {unknown}
Potions
 a - a potion of degeneration {unknown}
 d - a potion of flight {unknown}


   Skills:
 + Level 1.1 Fighting
 + Level 2.2 Dodging
 + Level 3.2 Stealth
 + Level 2.2 Spellcasting
 - Level 1.0 Transmutations
 * Level 4.2 Poison Magic


You had one spell level left.
You knew the following spells:

 Your Spells              Type           Power      Damage    Failure   Level
a - Sting                 Tmut/Pois      44%        1d5       6%          1
b - Poisonous Vapours     Pois/Air       18%        N/A       12%         2
c - Passwall              Tmut/Erth      2%         N/A       22%         2

Your spell library contained the following spells:

 Spells                   Type           Power      Damage    Failure   Level
 Sandblast                Erth           4%         2d4       19%         1
 Static Discharge         Conj/Air       2%         N/A       26%         2
 Mephitic Cloud           Conj/Pois/Air  7%         N/A       30%         3
 Olgreb's Toxic Radiance  Pois           17%        N/A       30%         4
 Dispel Undead            Necr           2%         3d7       87%         4
 Sticky Flame             Conj/Fire      2%         2d3       87%         4
 Lee's Rapid Deconstruct  Erth           1%         3d5*      99%         5


Dungeon Overview and Level Annotations

Branches:
Dungeon (2/15)

Altars:
Makhleb


Innate Abilities, Weirdness & Mutations

You cannot wear most types of armour.
You are amphibious.
You can wear up to eight rings at the same time.
Your skin changes colour to match your surroundings (Stealth+).
Your rubbery body absorbs attacks. (AC +1, EV +1)
((You are camouflaged near water. (Stealth+)))
You have tentacles for arms and can constrict up to eight enemies at once.


Message History

Casting: Sting (safe; 6% risk of failure)
Confirm with . or Enter, or press ? or * to list all spells.
Aiming: Sting (safe; 6% risk of failure)
Press: ? - help, Shift-Dir - straight line, f - jackal
Aim: a jackal (64% to hit)
The sting hits the jackal but does no damage.
The jackal is poisoned.
The jackal bites you. x2
The goblin barely misses you.
Casting: Sting (safe; 6% risk of failure)
Confirm with . or Enter, or press ? or * to list all spells.
Aiming: Sting (safe; 6% risk of failure)
Press: ? - help, Shift-Dir - straight line, f/p - jackal
Aim: a jackal (heavily wounded, poisoned, 64% to hit)
The sting hits the jackal.
The jackal looks even sicker.
You kill the jackal!
The jackal bites you. The goblin hits you with a +0 club. The jackal bites you.
Okay, then.
The goblin hits you with a +0 club.
* * * LOW HITPOINT WARNING * * *
The jackal barely misses you.
You see here a jackal corpse.
The jackal closely misses you.
Casting: Sting (safe; 6% risk of failure)
Confirm with . or Enter, or press ? or * to list all spells.
Aiming: Sting (safe; 6% risk of failure)
Press: ? - help, Shift-Dir - straight line, f - goblin
Aim: a goblin, wielding a +0 club (64% to hit)
The sting hits the goblin.
The goblin is poisoned.
The goblin is moderately wounded.
The goblin hits you with a +0 club.
* * * LOW HITPOINT WARNING * * *
You barely miss the goblin. Your grab misses the goblin.
The goblin is heavily wounded.
You kill the goblin!
The jackal barely misses you.
You barely miss the jackal. Your grab misses the jackal.
The jackal completely misses you. The jackal barely misses you.
The jackal bites you.
You die...

##........# #.....# #.##
#........# #.....# #..#
#..#....##
#...†>######.###### #.......#
###)####..........# #.##.##.#
#.# #≈.≈#'###..# #.##.##.#
#.####≈⌠≈#...#♣.# #.......#
#....#≈≈≈#.♣.#♣.# #####.####
##h#######...#♣8#
........######
#@##.#####''####
###.###.##...###.##.##.<#..#
♣### ..#.#
#.).###.#.....##..'.## ♣...
#.#.###.#.# #......####+###
####
........#.###....#...##.#♣♣♣#
#
#.##.#####...#...######.....#
# #.##.# #####...# #####.# #
#..#.# #...# #.# # ##.#.#
#...# ###.#####


You could see a jackal.

Vanquished Creatures
  An endoplasm (D:1)
  2 giant cockroaches (D:1)
  6 goblins (D:1)
  A hobgoblin (D:1)
  7 jackals
  2 kobolds (D:1)
  A quokka (D:1)
  3 ball pythons (D:1)
  2 frilled lizards (D:1)
  A rat (D:1)
26 creatures vanquished.

Notes
Turn   | Place    | Note
-------+----------+-------------------------------------------
     0 | D:1      | garrulousMonolith the Octopode Venom Mage began the quest
                  | for the Orb.
     0 | D:1      | Reached XP level 1. HP: 11/11 MP: 3/3
   421 | D:1      | Reached XP level 2. HP: 17/17 MP: 3/5
   622 | D:1      | Reached skill level 4 in Poison Magic
   651 | D:1      | Learned a level 2 spell: Poisonous Vapours
   880 | D:1      | Found a burning altar of Makhleb.
   940 | D:1      | Reached skill level 1 in Fighting
  1023 | D:1      | Reached XP level 3. HP: 17/23 MP: 3/6
  1289 | D:1      | Learned a level 2 spell: Passwall
  1306 | D:1      | HP: 1/23 [goblin (4)]
  1312 | D:1      | Slain by a jackal

Illustrated notes

Levels and vault maps discovered:
D:1:      sevenhm_arrival_forest_fort_small_3, layout_loops_cross,
          kennysheep_flooded_box, amcnicky_mini_rare_corridor_liquid,
          minmay_unequal
D:2:      cheibrodos_pilgrimage, layout_basic, chequers_hall_statues_wall_a,
          hex_medium, uniq_robin

Skill      XL: |  1  2 |
---------------+-------+-----
Stealth        | 3 |  3.2
Poison Magic   | 4 |  4.2
Fighting       | 1 |  1.1
Dodging        | |  2.2
Spellcasting   | |  2.2
Transmutations | |  1.0

Action                   || total
-------------------------++-------
Melee: Dagger            ||    31
       Constrict         ||     8
       Tentacles         ||     4
       Unarmed           ||     1
 Cast: Sting             ||    20
 Stab: Sleeping          ||     4
Armor: Skin              ||     4
Dodge: Dodged            ||    29

Table legend: (Time is in decaauts)
 A = Elapsed time spent in this place.
 B = Non-inter-level travel time spent in this place.
 C = Inter-level travel time spent in this place.
 D = Time resting spent in this place.
 E = Time spent auto-exploring this place.
 F = Levels seen in this place.
 G = Mean time per level.
                   A        B        C        D        E       F      G
               +--------+--------+--------+--------+--------+-----+--------+
         Total |   1312 |   1309 |      3 |    373 |    744 |   2 |  656.0 |
       Dungeon |   1312 |   1309 |      3 |    373 |    744 |   2 |  656.0 |
               +--------+--------+--------+--------+--------+-----+--------+

Top non-repeatable levels by time:
     D:1: 1307 daAuts
     D:2: 5 daAuts
